 Dungeon Crawl Stone Soup version 0.24-a0-380-g7ade4d1b3c (webtiles) character file.

Game seed: 4798176027781959417

11979 Freyura the Envoy of Void (level 11, -1/88 HPs)
             Began as a Demonspawn Abyssal Knight on June 2, 2019.
             Was a High Priest of Lugonu.
             Slain by a yak (6 damage)
             ... on level 12 of the Dungeon on June 3, 2019.
             The game lasted 01:01:12 (11295 turns).

Freyura the Envoy of Void (DsAK)                   Turns: 11295, Time: 01:01:12

Health: -1/88      AC: 11    Str: 18    XL:     11   Next: 56%
Magic:  0/18       EV: 13    Int: 14    God:    Lugonu [*****.]
Gold:   542        SH:  0    Dex: 15    Spells: 10/10 levels left

rFire    . . .     SeeInvis .   f - +3 whip (distort)
rCold    . . .     Gourm    .   l - +0 buckler
rNeg     . . .     Faith    .   G - +0 acid dragon scales
rPois    +         Spirit   +   (helmet restricted)
rElec    .         Reflect  .   q - +1 cloak
rCorr    +         Harm     .   i - +0 pair of gloves
MR       .....                  h - +0 pair of boots
Stlth    ..........             (no amulet)
HPRegen  0.24/turn              F - ring of poison resistance
MPRegen  0.32/turn              a - +3 ring of evasion

@: confused, mighty, hasted, extremely drained, very quick
A: antennae 2, rugged brown scales 1, foul stench 1, magic shield, magic
regeneration, rot immunity
a: Depart the Abyss, Bend Space, Banish, Corrupt, Enter the Abyss, Renounce
Religion


You were on level 12 of the Dungeon.
You worshipped Lugonu.
Lugonu was extremely pleased with you.
You were very hungry.

You visited 1 branch of the dungeon, and saw 12 of its levels.
You visited the Abyss 1 time.

You collected 542 gold pieces.

Inventory:

Hand Weapons
 f - a +3 whip of distortion (weapon)
 y - a +0 dire flail
Armour
 b - a +0 leather armour
 h - a +0 pair of boots (worn)
 i - a +0 pair of gloves (worn)
 l - a +0 buckler (worn)
 q - a +1 cloak (worn)
 s - a +0 chain mail
 G - +0 acid dragon scales (worn)
Magical Staves
 D - an uncursed staff of death {unknown}
Jewellery
 a - a +3 ring of evasion (right hand)
 n - an uncursed ring of see invisible
 w - a +2 ring of intelligence
 F - a ring of poison resistance (left hand)
Wands
 k - a wand of paralysis (1)
 m - a wand of iceblast (18)
 p - a wand of polymorph (18)
 x - a wand of clouds (5)
 A - a wand of digging (4)
Scrolls
 e - a scroll of magic mapping
 j - 7 scrolls of identify
 o - a scroll of amnesia
 r - 2 scrolls of teleportation
 u - 2 scrolls of fog
 z - 4 scrolls of remove curse
Potions
 d - 4 potions of curing
 g - 2 potions of haste
 v - 2 potions of invisibility
 E - a potion of brilliance {unknown}
Comestibles
 c - 12 rations


   Skills:
 + Level 8.1(0.0) Fighting
 * Level 9.7(0.0) Maces & Flails
 + Level 6.9(0.0) Armour
 + Level 6.7(0.0) Dodging
 - Level 4.2(0.0) Shields
 + Level 9.9(0.0) Invocations


You had 10 spell levels left.
You didn't know any spells.
Your spell library contained the following spells:

 Spells                   Type           Power        Failure   Level  Hunger
 Animate Skeleton         Necr           N/A          54%         1    ##.....
 Apportation              Tloc           #.....       54%         1    ##.....
 Beastly Appendage        Tmut           #.....       54%         1    ##.....
 Confusing Touch          Hex            #.....       54%         1    ##.....
 Summon Small Mammal      Summ           #...         54%         1    ##.....
 Sticks to Snakes         Tmut           #.......     69%         2    ###....
 Spider Form              Tmut/Pois      #.........   89%         3    ####...
 Ice Form                 Ice/Tmut       #.......     100%        4    #####..
 Blade Hands              Tmut           #.........   100%        5    ######.


Dungeon Overview and Level Annotations

Branches:
Dungeon (12/15)            Temple (0/1) D:6            Lair (0/6) D:9
    Orc (0/2) D:10

Altars:
Ashenzari
Dithmenos
Gozag
Kikubaaqudgha
Makhleb
Nemelex Xobeh
Okawaru
Qazlal
Ru
Trog
Vehumet
Wu Jian
Xom
Zin
Beogh

Shops:
D:12 ?

Annotations:
D:6 3 runed translucent doors, Shaidar's ghost, novice MiBe
D:9 3 runed translucent doors, Zenobius's ghost, journeyman DsAs
D:11 Nergalle
D:12 Sonja
Abyss:1 Eustachio


Innate Abilities, Weirdness & Mutations

You have a pair of antennae on your head.
You are partially covered in rugged brown scales. (AC +1, +3% HP)
You may emit foul miasma when damaged in melee.
When hurt, damage is shared between your health and your magic reserves.
You regenerate magic rapidly.
You are immune to rotting.


Message History

You fail to use your ability.
Sonja hits you with a +1 short sword of draining.
* * * LOW HITPOINT WARNING * * *
You feel drained. Sonja hits you but does no damage.
You feel drained. Sonja closely misses you. The yak misses you.
You block the yak's attack. The yak gores you!
* * * LOW HITPOINT WARNING * * *
It was a potion of ambrosia.
You are confused.
You feel invigorated.
Sonja hits you with a +1 short sword of draining!
* * * LOW HITPOINT WARNING * * *
You feel drained.
* * * LOW HITPOINT WARNING * * *
Sonja barely misses you. Sonja hits you but does no damage.
You feel drained. The yak gores you. The yak barely misses you. x2
You hit the yak.
Space warps horribly around the yak!
The yak is heavily wounded.
The yak gores you!
You die...

#.######## ##.# #### ####..##
....#####......##
..........####..## ........###
##..## .........## ##..##
......KYY.## ##..####
.##..#.@Y..## ##....# .
##..##YY...## ##...## ..#### #..#
##.....## #....# ...§§.##
##§######.....## ##....#
.......###..............# #......
##{##§§............##....##......
#..............###.........^.
#....)....Y....# #.........#
#..§..).......## #.........


You could see 5 yaks and Sonja.

Vanquished Creatures
  A two-headed ogre (D:8)
  An unseen horror (D:10)
  Psyche (D:8)
  A troll (D:10)
  A hornet (D:10)
  A vampire (D:9)
  A spriggan (D:12)
  A wyvern (D:11)
  11 yaks
  4 hungry ghosts
  Menkaure (D:6)
  2 wargs (D:10)
  An acid dragon (D:12)
  A water moccasin (D:9)
  A porcupine (D:9)
  3 orc warriors
  2 sky beasts
  4 black bears
  A hornet zombie (D:9)
  An ice beast (D:7)
  5 ogres
  2 centaurs
  2 crocodiles (D:9)
  2 big kobolds
  4 bullfrogs
  A wyvern zombie (D:9)
  2 scorpions
  3 killer bees (D:12)
  A howler monkey (D:4)
  3 crimson imps
  2 hounds
  4 jellies
  A centaur zombie (D:6)
  3 centaur skeletons
  4 orc priests
  7 orc wizards
  2 bullfrog skeletons
  A gnoll shaman (D:5)
  3 iguanas
  5 worker ants
  A hound skeleton (D:10)
  2 worker ant zombies
  16 gnolls
  12 adders
  5 shadow imps
  A worm (D:2)
  2 dart slugs (D:1)
  4 leopard geckos
  30 orcs
  2 ball pythons
  3 bats
  5 giant cockroaches
  4 hobgoblins
  11 jackals
  5 quokkas
  4 frilled lizards
  2 goblins
  2 jackal skeletons
  8 kobolds
  6 rats
222 creatures vanquished.

Vanquished Creatures (others)
  A hydra (D:10)
  A tengu warrior (D:12)
  An ugly thing (D:12)
  A troll (D:9)
  2 hippogriffs
  2 yaks (D:9)
  A human (D:12)
  A wraith (D:10)
  A porcupine (D:9)
  2 orc warriors (D:10)
  2 centaurs
  A bullfrog (D:6)
  A crimson imp (D:9)
  2 hounds
  An orc priest (D:5)
  2 centaur skeletons
  An iguana (D:9)
  2 worker ants
  An adder (D:4)
  An adder skeleton (D:4)
  2 leopard geckos
  2 jackals
  A kobold (D:9)
  A bush (D:9)
  3 plants (D:9)
36 creatures vanquished.

Grand Total: 258 creatures vanquished

Notes
Turn   | Place    | Note
-------+----------+-------------------------------------------
     0 | Abyss:1  | Freyura the Demonspawn Abyssal Knight began the quest for
                  | the Orb.
     0 | Abyss:1  | Reached XP level 1. HP: 18/18 MP: 2/2
    91 | Abyss:1  | Noticed a starcursed mass
    92 | D:1      | Escaped the Abyss
   375 | D:1      | Reached skill level 1 in Dodging
   465 | D:1      | Reached * piety under Lugonu
   465 | D:1      | Gained mutation: When hurt, damage is shared between your
                  | health and your magic reserves. [demonic ancestry]
   465 | D:1      | Reached XP level 2. HP: 24/24 MP: 3/3
   905 | D:1      | Gained mutation: You are immune to rotting. [demonic
                  | ancestry]
   905 | D:1      | Reached XP level 3. HP: 26/29 MP: 3/5
  1421 | D:2      | Gained mutation: You may emit foul miasma when damaged in
                  | melee. [demonic ancestry]
  1421 | D:2      | Reached XP level 4. HP: 9/35 MP: 2/6
  1693 | D:2      | Found a burning altar of Makhleb.
  2029 | D:3      | Reached ** piety under Lugonu
  2243 | D:3      | Reached skill level 1 in Shields
  2243 | D:3      | Gained mutation: You have a pair of small antennae on your
                  | head. [demonic ancestry]
  2243 | D:3      | Reached XP level 5. HP: 11/41 MP: 2/7
  3173 | D:4      | Found a sacrificial altar of Ru.
  3248 | D:4      | Gained mutation: You have a pair of antennae on your head.
                  | [demonic ancestry]
  3248 | D:4      | Reached XP level 6. HP: 48/48 MP: 8/8
  3522 | D:4      | Found a shattered altar of Ashenzari.
  3962 | D:4      | Reached XP level 7. HP: 54/54 MP: 10/10
  4001 | D:5      | Entered Level 5 of the Dungeon
  4111 | D:5      | Noticed Eustachio
  4126 | D:5      | Reached *** piety under Lugonu
  4166 | D:5      | Found the +12 glaive of Prune {chop}
  4229 | D:5      | Banished Eustachio
  4456 | D:5      | Found a sparkling altar of Nemelex Xobeh.
  4570 | D:5      | Reached skill level 5 in Invocations
  4895 | D:6      | Reached XP level 8. HP: 61/61 MP: 11/11
  4917 | D:6      | Found a glowing silver altar of Zin.
  4938 | D:6      | Found an iron altar of Okawaru.
  4946 | D:6      | Noticed Menkaure
  4959 | D:6      | Killed Menkaure
  4959 | D:6      | Reached skill level 5 in Maces & Flails
  5082 | D:6      | Found a staircase to the Ecumenical Temple.
  5359 | D:6      | Noticed Shaidar's ghost (novice MiBe)
  5360 | D:6      | Found a runed translucent gate.
  5360 | D:6      | Identified the +1 rapier of Discomfort {flame, Int+2}
  5361 | D:6      | Found a runed translucent gate.
  5362 | D:6      | Found a runed translucent gate.
  5364 | D:6      | Found a roughly hewn altar of Beogh.
  5421 | D:6      | Reached skill level 5 in Fighting
  5746 | D:7      | Noticed a hippogriff
  5758 | D:7      | Banished a hippogriff
  5786 | D:7      | Found a bloodstained altar of Trog.
  5878 | D:7      | Found an ancient bone altar of Kikubaaqudgha.
  6078 | D:7      | Gained mutation: You regenerate magic rapidly. [demonic
                  | ancestry]
  6078 | D:7      | Reached XP level 9. HP: 68/68 MP: 13/13
  6300 | D:7      | Found a shimmering altar of Xom.
  6306 | D:7      | Found a shimmering altar of Xom.
  6307 | D:7      | Found a shimmering altar of Xom.
  6547 | D:7      | Upgraded the game from 0.24-a0-378-g94936e539c to
                  | 0.24-a0-380-g7ade4d1b3c
  6635 | D:8      | Noticed a two-headed ogre
  6641 | D:8      | Killed a two-headed ogre
  6646 | D:8      | Reached **** piety under Lugonu
  6677 | D:8      | Found an opulent altar of Gozag.
  6741 | D:8      | Noticed Psyche
  6768 | D:8      | Killed Psyche
  6768 | D:8      | Reached skill level 5 in Armour
  7077 | D:8      | Found a stormy altar of Qazlal.
  7435 | D:9      | Noticed a troll
  7500 | D:9      | Reached skill level 5 in Dodging
  7500 | D:9      | Reached XP level 10. HP: 71/77 MP: 13/15
  7566 | D:9      | Found a radiant altar of Vehumet.
  7704 | D:9      | Found a staircase to the Lair.
  7858 | D:9      | Found a shadowy altar of Dithmenos.
  7910 | D:9      | Reached ***** piety under Lugonu
  7930 | D:9      | Found a runed translucent gate.
  7930 | D:9      | Found a runed translucent gate.
  7931 | D:9      | Found a runed translucent gate.
  7933 | D:9      | Noticed Zenobius's ghost (journeyman DsAs)
  7935 | D:9      | Identified the +5 plate armour of Shadows and Fog {Int+2
                  | Dex+8}
  7936 | D:9      | Found a roughly hewn altar of Beogh.
  7952 | D:9      | Found an ornate altar of the Wu Jian Council.
  8000 | D:9      | HP: 3/77 [acid (10)]
  8014 | D:9      | HP: 2/77 [vampire (3)]
  8028 | D:9      | HP: 2/77 [vampire/vampiric draining (2)]
  8038 | D:9      | HP: 1/77 [vampire/vampiric draining (2)]
  8793 | D:10     | Entered Level 10 of the Dungeon
  8819 | D:10     | Noticed an unseen horror
  8824 | D:10     | Killed an unseen horror
  8860 | D:10     | Noticed a seven-headed hydra
  8876 | D:10     | Banished a seven-headed hydra
  8876 | D:10     | Gained mutation: You are partially covered in rugged brown
                  | scales. (AC +1, +3% HP) [demonic ancestry]
  8876 | D:10     | Reached XP level 11. HP: 26/86 MP: 6/17
  9241 | D:10     | Found a staircase to the Orcish Mines.
 10222 | D:11     | Noticed Nergalle
 10786 | D:12     | Found Gyok's Magic Scroll Boutique.
 11155 | D:12     | Noticed a white ugly thing
 11160 | D:12     | Noticed Sonja
 11169 | D:12     | Banished a white ugly thing
 11187 | D:12     | Noticed a tengu warrior
 11191 | D:12     | Noticed a tengu warrior
 11193 | D:12     | Banished a tengu warrior
 11294 | D:12     | HP: 4/88 [Sonja/+1 short sword of draining (5)]
 11294 | D:12     | HP: 1/88 [Sonja/+1 short sword of draining (3)]
 11295 | D:12     | Slain by a yak

Levels and vault maps discovered:
D:1:      scummos_arrival_hexagon, layout_basic
D:2:      layout_basic, bloody_makhleb
D:3:      layout_loops_ring
D:4:      layout_basic, cheibrodos_ashenzari_chains,
          nicolae_ru_great_annihilating_truth, first_ration
D:5:      wad_crossroads, layout_basic, nemelex_xobeh_ov_fountains_minmay,
          uniq_eustachio
D:6:      layout_loops_ring, nicolae_overflow_crystal_walls, zin_scriptorium,
          minmay_temple_entry_crystal_x, biasface_ghost_orc_armoury,
          uniq_menkaure
D:7:      layout_loops_ring, xom_redecorated, lemuel_coloured_pillars_altar,
          lemuel_doored_altar
D:8:      layout_basic, lemuel_crystal_altar, nicolae_gozag_seed_capital,
          uniq_psyche
D:9:      layout_loops_ring, lemuel_crystal_altar,
          nicolae_dithmenos_through_a_glass_darkly, minmay_lair_entry_grove,
          biasface_ghost_orc_armoury, basic_altar
D:10:     layout_rooms, david_orc_1_choice, st_stairs_12
D:11:     layout_loops_corners, uniq_nergalle
D:12:     layout_cave_pods, serial_shops, shop_scrolls, hangedman_stone_soup,
          uniq_sonja

Skill      XL: |  1  2  3  4  5  6  7  8  9 10 11 |
---------------+----------------------------------+-----
Dodging        | 1 2 3 4 5 6 |  6.7
Maces & Flails | 2 3 4 6 7 8 9 |  9.7
Armour         | 2 3 4 5 6 |  6.9
Invocations    | 3 4 5 6 7 9 |  9.9
Shields        | 1 2 3 4 |  4.2
Fighting       | 4 5 6 7 8 |  8.1

Action                   |  1- 3 |  4- 6 |  7- 9 | 10-12 || total
-------------------------+-------+-------+-------+-------++-------
Melee: Mace              |    26 |       |       |       ||    26
       Whip              |    63 |   144 |   335 |   673 ||  1215
Invok: Depart the Abyss  |     1 |       |       |       ||     1
Evoke: Wand              |       |       |       |     4 ||     4
  Use: Potion            |       |     1 |     1 |     6 ||     8
       Scroll            |       |     8 |     6 |     5 ||    19
 Stab: Sleeping          |     2 |     1 |       |       ||     3
       Paralysed         |       |     1 |       |     2 ||     3
  Eat: Chunk             |     2 |     8 |     7 |    14 ||    31
       Ration            |       |       |     2 |     2 ||     4
Armor: Leather armour    |    31 |    25 |    22 |       ||    78
       Chain mail        |       |       |    64 |   210 ||   274
       Acid dragon scale |       |       |       |    41 ||    41
Dodge: Dodged            |    51 |    57 |   143 |   276 ||   527
Block: Buckler           |     5 |    17 |    47 |   130 ||   199

Table legend:
 A = Non-vault XP
 B = Vault XP
 C = Vault XP percentage of total XP
 D = Non-vault monster count
 E = Vault monster count
 F = Vault count percentage of total count
                 A         B        C        D         E       F
            +---------+---------+-------+---------+---------+-------
      Total |   13675 |    3438 |  20.1 |     220 |      35 |  13.7
            +---------+---------+-------+---------+---------+-------
        D:1 |      47 |       0 |   0.0 |      24 |       0 |   0.0
        D:2 |      67 |       0 |   0.0 |      10 |       0 |   0.0
        D:3 |     118 |       0 |   0.0 |      18 |       0 |   0.0
        D:4 |     466 |      46 |   9.0 |      24 |       4 |  14.3
        D:5 |     237 |     419 |  63.9 |      15 |       4 |  21.1
        D:6 |     498 |     183 |  26.9 |       8 |       1 |  11.1
        D:7 |    1164 |       0 |   0.0 |      16 |       0 |   0.0
        D:8 |    1683 |     418 |  19.9 |      24 |       1 |   4.0
        D:9 |    2801 |    1247 |  30.8 |      36 |      11 |  23.4
       D:10 |    2880 |     747 |  20.6 |      13 |      10 |  43.5
       D:11 |    1796 |       0 |   0.0 |      15 |       0 |   0.0
       D:12 |    1918 |     378 |  16.5 |      17 |       4 |  19.0
            +---------+---------+-------+---------+---------+-------
